AoeStats
← fritzy1712

Arena

510324692Analyzed
1v1 RM · 2d ago on Sep 30, 2026· 44m 40s· 2 players
Game mode
Random Map
Map size
Tiny (2 player)
Population
200
Speed
Normal
Resources
Standard
Victory
Conquest
Starting age
Dark Age
Ending age
Imperial Age
RankedLock teamsTeams togetherTeam positionsShared explorationLock speedFull tech treeHidden civsTurbo modeCheats
Victory
Defeat
🇫🇷 Huns · France
795
+17
🇨🇭 Teutons · Switzerland
808
-17
Morteus78
11:19 Feudal Age
11:49 Double-Bit Axe
13:21 Horse Collar
14:08 Loom
17:24 Castle Age
15:33 Horse Collar
17:43 Gold Mining
29:15 Imperial Age
28:18 Gold Shaft Mining
29:01 Town Watch
30:00 Wheelbarrow
33:41 Bloodlines
33:32 Husbandry
33:38 Scale Barding Armor
34:25 Forging
35:59 Fletching
36:44 Iron Casting
36:34 Padded Archer Armor
37:08 Bodkin Arrow
38:59 Leather Archer Armor
39:58 Ballistics
40:25 Conscription
40:46 Parthian Tactics
41:27 Bracer
43:31 Heavy Cavalry Archer
fritzy1712
2:26 Loom
10:44 Feudal Age
11:24 Double-Bit Axe
11:38 Horse Collar
14:39 Gold Mining
18:41 Castle Age
20:18 Wheelbarrow
19:37 Pikeman
23:16 Squires
23:02 Gambesons
25:37 Hand Cart
26:09 Town Watch
29:04 Heavy Plow
30:25 Forging
30:17 Scale Mail Armor
31:32 Bow Saw
34:04 Imperial Age
32:13 Chain Mail Armor
32:35 Iron Casting
33:51 Masonry
33:53 Fortified Wall
33:40 Stone Mining
37:52 Conscription
38:35 Fletching
39:24 Elite Skirmisher
40:55 Hoardings
41:11 Halberdier
42:51 Ballistics
Connection lost

Rejoining the realm…

Still unreachable

The connection could not be restored.

Session expired

The server has moved on; the page needs a fresh start.